 Dungeon Crawl Stone Soup version 0.29-a0-378-gc08b2e8bf8 (webtiles) character file.

Game seed: 7863843469735966414

270 MurraysHeroes the Chopper (level 6, 0/53 HPs)
             Began as a Hill Orc Fighter on May 3, 2022.
             Slain by a gnoll
             ... wielding a +0 spear
              (1 damage)
             ... on level 3 of the Dungeon on May 4, 2022.
             The game lasted 00:09:00 (2158 turns).

MurraysHeroes the Chopper (Hill Orc Fighter)        Turns: 2158, Time: 00:09:01

Health: 0/53       AC: 11    Str: 21    XL:     6   Next: 22%
Magic:  6/6        EV:  5    Int:  8    God:
Gold:   119        SH:  4    Dex: 10    Spells: 5/5 levels left

rFire   . . .      SeeInvis .   a - +0 war axe
rCold   . . .      Faith    .   c - +0 buckler
rNeg    . . .      Spirit   .   j - +0 plate armour
rPois   .          Reflect  .   (no helmet)
rElec   .          Harm     .   (no cloak)
rCorr   .          Rampage  .   (no gloves)
Will    .....                   (no boots)
Stlth   ..........              (no amulet)
HPRegen 0.17/turn               (no ring)
MPRegen 0.10/turn               (no ring)

@: no status effects
A: no striking features
a: no special abilities


You were on level 3 of the Dungeon.
You visited 1 branch of the dungeon, and saw 3 of its levels.

You collected 119 gold pieces.

Inventory:

Hand Weapons
 a - a +0 war axe (weapon)
Armour
 b - a +0 scale mail
 c - a +0 buckler (worn)
 j - a +0 plate armour (worn)
Jewellery
 k - an amulet of faith
Scrolls
 e - 4 scrolls of identify {unknown}
 f - a scroll of noise {unknown}
 g - a scroll of fog {unknown}
 i - 2 scrolls of poison {unknown}
 l - 2 scrolls of magic mapping {unknown}
 m - a scroll of enchant armour {unknown}
 o - a scroll of brand weapon {unknown}
Potions
 d - a potion of might
 h - a potion of degeneration {unknown}
 n - a potion of cancellation {unknown}
 p - 3 potions of brilliance {unknown}
 q - a potion of curing {unknown}


   Skills:
 + Level 4.7 Fighting
 + Level 6.3 Axes
 + Level 4.3 Armour
 + Level 4.0 Shields


You had 5 spell levels left.
You didn't know any spells.
Your spell library contained the following spells:

 Spells                   Type           Power      Damage    Failure   Level
 Shock                    Conj/Air       0%         1d3       100%        1
 Conjure Flame            Conj/Fire      0%         6-21      100%        3
 Ignite Poison            Fire/Tmut/Pois 0%         N/A       100%        3
 Swiftness                Air            0%         N/A       100%        3
 Airstrike                Air            0%         N/A       100%        4
 Sticky Flame             Conj/Fire      0%         2d3       100%        4


Dungeon Overview and Level Annotations

Branches:
Dungeon (3/15)

Altars:


Message History

You hit the gnoll.
The gnoll is severely wounded.
The gnoll hits you with a +0 spear!
* * * LOW HITPOINT WARNING * * *
You barely miss the gnoll.
The gnoll is severely wounded.
The gnoll hits you with a +0 spear.
* * * LOW HITPOINT WARNING * * *
You closely miss the gnoll.
The gnoll is severely wounded.
The gnoll hits you with a +0 spear.
* * * LOW HITPOINT WARNING * * *
You slash the gnoll!
You kill the gnoll!
You hear a splash.
You enter the shallow water.
Moving in this stuff is going to be slow.
Things that are here:
a +0 spear; a gnoll corpse You now have 119 gold pieces (gained 17).
Items here: ))) [[ ††.
You can't go down here!
A gnoll is nearby!
The gnoll shouts!
You hear a shout! x2
The gnoll barely misses you. The gnoll barely misses you.
The gnoll hits you but does no damage.
You barely miss the gnoll. The gnoll hits you but does no damage.
A gnoll comes into view. It is wielding a +0 spear.
You closely miss the gnoll. The gnoll hits you but does no damage.
You closely miss the gnoll. The gnoll hits you with a +0 spear.
* * * LOW HITPOINT WARNING * * *
You block the gnoll's attack.
You hit the gnoll but do no damage. The gnoll hits you with a +0 spear.
* * * LOW HITPOINT WARNING * * *
You barely miss the gnoll. The gnoll completely misses you.
You barely miss the gnoll. The gnoll hits you with a +0 spear!
* * * LOW HITPOINT WARNING * * *
The gnoll hits you with a +0 spear.
You die...

#.# #.# #)# ##.# #..# ##<## .
#####...###### ########### ###.
.............# #g......... ....
#####....###.###@#####.#######.#.
.............)...................
≈≈≈≈≈≈≈....≈≈)≈g≈≈≈≈)≈≈≈≈≈≈≈≈≈...
≈≈≈≈≈≈≈....)≈≈≈≈≈≈≈≈≈≈≈≈≈≈≈≈≈≈...
≈≈≈≈≈≈≈....≈≈≈≈≈≈≈≈≈≈≈≈#####≈≈...
.......................#ogo#≈≈...
#######''''#############ogg#≈≈...
#....# #o###≈≈... #....#
..#.≈≈≈...


You could see 2 gnolls.

Vanquished Creatures
  An ogre (D:3)
  A howler monkey (D:3)
  2 hounds (D:3)
  2 gnolls (D:3)
  An adder (D:2)
  A dart slug (D:3)
  5 orcs (D:3)
  3 endoplasms
  2 giant cockroaches
  3 goblins (D:1)
  3 hobgoblins (D:1)
  11 jackals (D:3)
  3 kobolds
  4 quokkas
  8 ball pythons
  2 frilled lizards
  3 rats
55 creatures vanquished.

Vanquished Creatures (others)
  A fungus (D:3)
  6 plants (D:3)
7 creatures vanquished.

Grand Total: 62 creatures vanquished

Notes
Turn   | Place    | Note
-------+----------+-------------------------------------------
     0 | D:1      | MurraysHeroes the Hill Orc Fighter began the quest for the
                  | Orb.
     0 | D:1      | Reached XP level 1. HP: 19/19 MP: 1/1
   214 | D:1      | Reached XP level 2. HP: 27/27 MP: 2/2
   413 | D:1      | Found a faded altar of an unknown god.
   599 | D:1      | Upgraded the game from 0.29-a0-375-g5102b3be25 to
                  | 0.29-a0-378-gc08b2e8bf8
   780 | D:2      | Reached skill level 3 in Axes
  1103 | D:2      | Reached XP level 3. HP: 33/33 MP: 3/3
  1888 | D:3      | Reached skill level 4 in Axes
  1888 | D:3      | Reached XP level 4. HP: 39/40 MP: 4/4
  1921 | D:3      | Reached XP level 5. HP: 44/47 MP: 5/5
  1924 | D:3      | Reached skill level 5 in Axes
  2031 | D:3      | Noticed an ogre
  2040 | D:3      | Killed an ogre
  2041 | D:3      | Reached skill level 6 in Axes
  2041 | D:3      | Reached XP level 6. HP: 22/53 MP: 6/6
  2158 | D:3      | HP: 1/53 [gnoll/+0 spear (8)]
  2158 | D:3      | Slain by a gnoll

Illustrated notes

Levels and vault maps discovered:
D:1:      psy_arrival_dodecagon, layout_basic, hellmonk_ecumenical_altar_run_dry
D:2:      layout_basic, minmay_statues_item
D:3:      lemuel_castle_with_subvaults [lemuel_castle_interior_carwin_3],
          layout_loops_ring, fountainhead, kennysheep_cross_bottleneck,
          nicolae_grassy_gnolls

Skill      XL: |  1  2  3  4  5 |
---------------+----------------+-----
Fighting       | 4 |  4.7
Axes           | 3 4 6 |  6.3
Armour         | 4 |  4.3
Shields        | 4 |  4.0

Action                   |  1- 3 |  4- 6 || total
-------------------------+-------+-------++-------
Melee: War axe           |   116 |    79 ||   195
  Use: Potion            |     1 |       ||     1
Armor: Scale mail        |    11 |       ||    11
       Plate armour      |    72 |    28 ||   100
Dodge: Dodged            |    38 |    21 ||    59
Block: Buckler           |    35 |    15 ||    50

Table legend: (Time is in decaauts)
 A = Elapsed time spent in this place.
 B = Non-inter-level travel time spent in this place.
 C = Inter-level travel time spent in this place.
 D = Time resting spent in this place.
 E = Time spent auto-exploring this place.
 F = Levels seen in this place.
 G = Mean time per level.
                   A        B        C        D        E       F      G
               +--------+--------+--------+--------+--------+-----+--------+
         Total |   2229 |   2229 |      0 |      0 |   1559 |   3 |  743.0 |
       Dungeon |   2229 |   2229 |      0 |      0 |   1559 |   3 |  743.0 |
               +--------+--------+--------+--------+--------+-----+--------+

Top non-repeatable levels by time:
     D:2: 1123 daAuts
     D:1: 692 daAuts
     D:3: 412 daAuts
